 Dungeon Crawl Stone Soup version 0.17.1-1-g73c8601 (webtiles) character file.

74 zhaorenw the Bolt Thrower (level 4, 0/26 HPs)
             Began as a Kobold Hunter on Jan 6, 2016.
             Was an Initiate of Qazlal.
             Slain by an adder (1 damage)
             ... on level 3 of the Dungeon.
             The game lasted 00:04:41 (3412 turns).

zhaorenw the Bolt Thrower (Kobold Hunter)           Turns: 3412, Time: 00:04:41

Health: 0/26       AC:  3    Str: 15      XL:     4   Next: 52%
Magic:  4/4        EV: 15    Int:  9      God:    Qazlal [......]
Gold:   106        SH:  0    Dex: 12 (15) Spells: 0 memorised, 3 levels left

rFire  + . .     SeeInvis .     k - -1 dagger (curse)
rCold  + . .     Clarity  .     c - +0 leather armour
rNeg   . . .     SustAt   .     (shield restricted)
rPois  +         Gourm    .     (no helmet)
rElec  +         Spirit   .     (no cloak)
rCorr  +         Warding  .     (no gloves)
rMut   +         Stasis   .     (no boots)
MR     .....                    p - amulet of resist mutation {rMut, !d}
Stlth  ++........               (no ring)
                                n - -2 ring of dexterity (curse)

@: mighty, lethally poisoned (0 -> -4), resistant, not resistant to hostile
enchantments, unstealthy
A: carnivore 3
a: Renounce Religion


You were on level 3 of the Dungeon.
You worshipped Qazlal.
Qazlal was noncommittal.
You were very full.

You visited 1 branch of the dungeon, and saw 3 of its levels.

You collected 106 gold pieces.

Inventory:

Hand Weapons
 a - a +1 hand crossbow
 b - a +0 short sword
 k - a cursed -1 dagger (weapon)
   (You took it off a kobold on level 1 of the Dungeon)
Missiles
 d - 20 bolts
 f - 19 bolts of flame
Armour
 c - a +0 leather armour (worn)
Jewellery
 n - a cursed -2 ring of dexterity (left hand)
   (You found it on level 2 of the Dungeon)
 p - an amulet of resist mutation (around neck) {rMut, !d}
   (You found it on level 2 of the Dungeon)
Potions
 j - a potion of cancellation {unknown}
 l - a potion of magic
 m - a potion of flight
Comestibles
 e - a meat ration {@e2}
 i - 3 beef jerkies


   Skills:
 - Level 2.1 Fighting
 + Level 6.0 Crossbows
 + Level 3.8 Dodging
 - Level 1.5 Stealth


You had 3 spell levels left.
You didn't know any spells.

Dungeon Overview and Level Annotations

Branches:
Dungeon (3/15)

Altars:
Qazlal

Annotations:
D:3 Terence; Valentine's ghost, amateur DrAr


Innate Abilities, Weirdness & Mutations

You are small and have problems with some larger weapons.
You are carnivorous and can eat meat at any time.


Message History

There is a stone staircase leading down here.
You climb downwards.
Level annotation: Terence
There is a stone staircase leading up here.
A rat and a player ghost come into view.
Valentine's ghost turns its malevolent gaze towards you.
You barely miss Valentine's ghost. Valentine's ghost barely misses you.
You hit Valentine's ghost but do no damage.
Valentine's ghost closely misses you.
You barely miss Valentine's ghost. Valentine's ghost closely misses you.
You hit Valentine's ghost but do no damage.
Valentine's ghost misses you.
You barely miss Valentine's ghost. Valentine's ghost closely misses you.
You closely miss Valentine's ghost.
Valentine's ghost completely misses you.
You hit Valentine's ghost but do no damage.
Valentine's ghost whispers, "There is no future for you."
Valentine's ghost hits you.
You take 3 damage, and have 23/26 hp.
You hit Valentine's ghost but do no damage.
Valentine's ghost hits you.
You take 1 damage, and have 22/26 hp.
You hit Valentine's ghost but do no damage.
Valentine's ghost completely misses you.
You completely miss Valentine's ghost. Valentine's ghost hits you.
You take 5 damage, and have 17/26 hp.
You hit Valentine's ghost but do no damage.
Valentine's ghost hits you.
You take 6 damage, and have 11/26 hp.
MASSIVE DAMAGE!!
Valentine's ghost hits you.
You take 2 damage, and have 9/26 hp.
There is a stone staircase leading up here.
Valentine's ghost closely misses you.
You climb upwards.
There is a stone staircase leading down here.
You start resting.
A jackal comes up the stairs.
You regained 7 hp, and now have 16/26 hp.
You barely miss the jackal.
The jackal barks!
You hit the jackal.
You kill the jackal!
Qazlal accepts your kill.
There is a stone staircase leading down here.
There is an escape hatch in the floor here.
You regained 4 hp, and now have 20/26 hp.
You slide downwards.
The hatch slams shut behind you.
Level annotation: Terence; Valentine's ghost, amateur DrAr
i - 3 beef jerkies (gained 1)
An adder comes into view.
You regained 3 hp, and now have 23/26 hp.
Unknown command.
Unknown command.
The helpless adder fails to defend itself.
You puncture the adder! The adder bites you. The adder barely misses you.
You take 1 damage, and have 23/26 hp.
You closely miss the adder. The adder barely misses you.
You miss the adder. The adder bites you.
You take 5 damage, and have 18/26 hp.
You closely miss the adder. The adder bites you.
You are poisoned.
The adder poisons you!
You take 3 damage, and have 15/26 hp.
You hit the adder but do no damage.
You feel sick. The adder barely misses you. The adder misses you.
You take 1 damage, and have 14/26 hp.
You barely miss the adder. The adder barely misses you.
You hit the adder. The adder bites you.
You take 3 damage, and have 11/26 hp.
Unknown command.
You hit the adder but do no damage.
You feel sick. The adder bites you.
* * * LOW HITPOINT WARNING * * *
The adder bites you.
* * * LOW HITPOINT WARNING * * *
You are lethally poisoned!
The adder poisons you!
You take 7 damage, and have 4/26 hp.
MASSIVE DAMAGE!!
* * * LOW HITPOINT WARNING * * *
You feel sick. The adder closely misses you.
You take 1 damage, and have 3/26 hp.
Drink which item? (? for menu, Esc to quit)
It was a potion of might.
You feel very mighty all of a sudden. The adder bites you.
* * * LOW HITPOINT WARNING * * *
You take 1 damage, and have 2/26 hp.
Drink which item? (? for menu, Esc to quit)
It was a potion of resistance.
You feel protected.
* * * LOW HITPOINT WARNING * * *
You feel sick. The adder misses you.
You take 1 damage, and have 1/26 hp.
Drink which item? (? for menu, Esc to quit)
It was a potion of degeneration.
There was something very wrong with that liquid.
You feel clumsy. The adder bites you.
You die...

.#####.##### *,* *.. ,* #.#
*.# *.. ,* #.# *.# **# ,* #.#
*.# * ,* ###.### ###.### * ,*
#.....# #.....# ,###.#.#.#
###.....###### ,........#
#.S.?........# *###.#.#.#
#@#.....####.## #.[...#
#.#...........####
###.#.#######.##########......
#...........# #.#####
#####.######### #.##...
#...........# #...>..
#.###.#####.#### ####.## #.#
#.# #....# #.# ###.###.#
####.# #.##


You could see an adder.

Vanquished Creatures
  An adder (D:2)
  A worm (D:2)
  7 bats
  2 giant cockroaches
  6 hobgoblins
  2 quokkas (D:3)
  4 giant geckos
  3 giant newts (D:1)
  7 goblins
  9 jackals (D:2)
  9 kobolds
  5 rats
56 creatures vanquished.

Notes
Turn   | Place    | Note
--------------------------------------------------------------
     0 | D:1      | zhaorenw the Kobold Hunter began the quest for the Orb.
     0 | D:1      | Reached XP level 1. HP: 12/12 MP: 1/1
    29 | D:1      | Reached skill level 5 in Crossbows
   118 | D:1      | Reached XP level 2. HP: 17/17 MP: 2/2
   590 | D:1      | Reached skill level 3 in Dodging
   791 | D:1      | Reached XP level 3. HP: 19/21 MP: 3/3
  1630 | D:2      | Reached XP level 4. HP: 26/26 MP: 4/4
  2296 | D:3      | Found a stormy altar of Qazlal.
  2299 | D:3      | Noticed a water elemental
  2300 | D:3      | Noticed an earth elemental
  2300 | D:3      | Noticed a fire elemental
  2300 | D:3      | Noticed an air elemental
  2345 | D:3      | Noticed Terence
  2361 | D:3      | Reached skill level 6 in Crossbows
  2905 | D:3      | Became a worshipper of Qazlal Stormbringer
  2911 | D:3      | HP: 6/26 [Terence/mace (6)]
  3196 | D:3      | Noticed Valentine's ghost (amateur DrAr)
  3406 | D:3      | HP: 4/26 [adder (3)]
  3411 | D:3      | HP: 1/26 [poisoned by an adder]
  3412 | D:3      | Slain by an adder

Action                   |  1- 3 |  4- 6 || total
-------------------------+-------+-------++-------
Melee: Short sword       |   142 |    76 ||   218
       Dagger            |       |    36 ||    36
 Fire: Hand crossbow     |     3 |       ||     3
  Use: Scroll            |       |     4 ||     4
       Potion            |       |     4 ||     4
 Stab: Sleeping          |     2 |     1 ||     3
       Distracted        |     1 |       ||     1
  Eat: Chunk             |    11 |     4 ||    15

Vault maps used:
D:1:      scummos_arrival_star
D:3:      nicolae_qazlal_style_of_elements, lemuel_round_altar, uniq_terence

Table legend:
 A = Turns spent in this place as a percentage of turns spent in the entire game.
 B = Non-inter-level travel turns spent in this place as a percentage of non-inter-level travel turns spent in the entire game.
 C = Inter-level travel turns spent in this place as a percentage of turns spent in this place.
 D = Turns resting spent in this place as a percentage of non-inter-level travel turns spent in this place.
 E = Turns spent auto-exploring this place as a percentage of non-inter-level travel turns spent in this place.
 F = Non-inter-level travel turns spent in this place divided by the number of levels of this place that you've seen.
                   A       B       C       D       E      F
               +-------+-------+-------+-------+-------+----------------------
         Total | 100.0 | 100.0 |   0.7 |   2.5 |   6.5 | 329.0
       Dungeon | 100.0 | 100.0 |   0.7 |   2.5 |   6.5 | 329.0
               +-------+-------+-------+-------+-------+----------------------

Table legend:
 A = Kills in this place as a percentage of kills in entire the game.
 B = Kills by you in this place as a percentage of kills by you in the entire game.
 C = Kills by friends in this place as a percentage of kills by friends in the entire game.
 D = Other kills in this place as a percentage of other kills in the entire game.
 E = Experience gained in this place as a percentage of experience gained in the entire game.
 F = Experience gained in this place divided by the number of levels of this place that you have seen.
                   A       B       C       D       E      F
               +-------+-------+-------+-------+-------+----------------------
         Total | 100.0 | 100.0 |  -nan |  -nan | 100.0 |  35.3
       Dungeon | 100.0 | 100.0 |  -nan |  -nan | 100.0 |  35.3
               +-------+-------+-------+-------+-------+----------------------
